 Dungeon Crawl Stone Soup version 0.31-a0-875-g02e7d12df6 (webtiles) character file.

Game seed: 17710402225623795581

3455 benadryl the Arsonist (level 9, -2/70 HPs)
             Began as a Demonspawn Fire Elementalist on Oct 11, 2023.
             Was an Initiate of Kikubaaqudgha.
             Slain by a fire crab (5 damage)
             ... on level 9 of the Dungeon on Oct 12, 2023.
             The game lasted 00:21:25 (13060 turns).

benadryl the Arsonist (DsFE)                       Turns: 13060, Time: 00:21:26

Health: -2/70      AC: 10    Str:  7 (8)  XL:     9   Next: 78%
Magic:  16/16      EV: 17    Int: 27      God:    Kikubaaqudgha [......]
Gold:   450        SH:  0    Dex: 12 (14) Spells: 8/18 levels left

rFire   + . .        E - +0 whip (elec)
rCold   . . .        (no shield)
rNeg    . . .        a - +0 robe
rPois   .            r - +0 helmet
rElec   +            k - +1 cloak
rCorr   .            C - +0 pair of gloves
SInv    .            D - +0 pair of boots
Will    .....        (no amulet)
Stlth   ++           B - +6 ring of intelligence
HPRegen 0.31/turn    (no ring)
MPRegen 0.15/turn

%: random rage (3%)
@: mighty, agile
A: slimy green scales 2, powered by pain 2, berserk 1, fire resistance 1,
screaming 1, electricity resistance
a: Renounce Religion


You were on level 9 of the Dungeon.
You worshipped Kikubaaqudgha.
Kikubaaqudgha was noncommittal.
You visited 2 branches of the dungeon, and saw 10 of its levels.

You collected 450 gold pieces.

Inventory:

Hand Weapons
 d - a +0 dagger of protection
 f - a +3 short sword of flaming
 E - a +0 whip of electrocution (weapon)
Missiles
 q - 6 silver javelins
Armour
 a - a +0 robe (worn)
 g - the +7 Kryia's mail coat {PotionHeal*2 rC+}
   (You found it on level 6 of the Dungeon)

   PotionHeal*2: Potions heal its wearer twice as much.
   rC+:       It protects you from cold.
 j - a +0 kite shield
 k - a +1 cloak (worn)
 r - a +0 helmet (worn)
 C - a +0 pair of gloves (worn)
 D - a +0 pair of boots (worn)
Jewellery
 u - a ring of ice
 w - a ring of fire
 B - a +6 ring of intelligence (left hand)
Talismans
 x - a dragon-blood talisman
Wands
 l - a wand of light (7)
 t - a wand of charming (1)
 y - a wand of roots (7)
 H - a wand of polymorph (7)
Scrolls
 c - 5 scrolls of teleportation
 e - a scroll of immolation
 h - 2 scrolls of vulnerability
 m - a scroll of poison
 A - a scroll of amnesia
Potions
 b - a potion of magic
 i - a potion of mutation
 n - a potion of haste {unknown}
 o - 2 potions of attraction
 p - 5 potions of brilliance
 v - 2 potions of curing {@q1}
 G - a potion of resistance {unknown}


   Skills:
 - Level 6.3 Fighting
 - Level 2.1 Armour
 - Level 1.7 Dodging
 - Level 1.7 Stealth
 - Level 5.0 Spellcasting
 * Level 5.2 Conjurations
 - Level 2.2 Translocations
 - Level 9.0 Fire Magic


You had 8 spell levels left.
You knew the following spells:

 Your Spells              Type           Power      Damage    Failure   Level
a - Foxfire               Conj/Fire      100%       2x1d9     1%          1
b - Scorch                Fire           100%       2d9       1%          2
c - Volatile Blastmotes   Fire/Tloc      74%        2d16      2%          3
d - Flame Wave            Conj/Fire      45%        2d12      3%          4

Your spell library contained the following spells:

 Spells                   Type           Power      Damage    Failure   Level
 Kiss of Death            Conj/Necr      80%        2d11      2%          1
 Inner Flame              Hex/Fire       31%        N/A       3%          3
 Confusing Touch          Hex            6%         N/A       22%         3
 Dispel Undead            Necr           6%         3d8       56%         4


Dungeon Overview and Level Annotations

Branches:
Dungeon (9/15)             Temple (1/1) D:7            Lair (0/5) D:9
    Orc: D:9-12

Altars:
Cheibriados
Dithmenos
Fedhas
Gozag
Hepliaklqana
Kikubaaqudgha
Nemelex Xobeh
Okawaru
Qazlal
Ru
Sif Muna
Trog
Uskayaw
Wu Jian
Yredelemnul

Shops:
D:1 *   D:6 =(

Annotations:
D:6 1 runed translucent door, exclusion: oklob plant, Crazy Yiuf
D:8 1 runed translucent door, niangp's ghost, novice MiFi


Innate Abilities, Weirdness & Mutations

You are mostly covered in slimy green scales. (AC +3)
You sometimes gain power by taking damage.
You sometimes lose your temper in combat.
Your flesh is heat resistant. (rF+)
You occasionally shout uncontrollably at your foes.
You are resistant to electric shocks. (rElec)


Message History

The fire crab claws you but does no damage.
Okay, then.
You hit the fire crab but do no damage.
Lightning courses through the fire crab!!
The fire crab is moderately wounded.
The fire crab breathes flames at you.
The blast of flame engulfs you but does no damage.
A wyvern comes into view.
The wyvern hisses angrily.
You hit the fire crab.
The fire crab is heavily wounded.
You are engulfed in blazing flames.
* * * LOW HITPOINT WARNING * * *
The fire crab barely misses you. The fire crab misses you.
Okay, then.
You feel much better.
You are engulfed in blazing flames.
You focus on the pain.
You feel your power returning.
The fire crab bites you but does no damage.
The fire crab claws you.
* * * LOW HITPOINT WARNING * * *
You are engulfed in flames!
* * * LOW HITPOINT WARNING * * *
You focus on the pain.
You feel agile all of a sudden.
Okay, then.
It was a potion of mutation.
You feel extremely strange.
You feel a little pissed off.
You feel the urge to shout.
You feel insulated.
You feel resistant to heat. The fire crab breathes flames at you.
The blast of flame engulfs you but does no damage.
Aiming: Charm
Press: ? - help, Shift-Dir - straight line, f - wyvern, p - fire crab
Aim: a wyvern (lava, chance to affect: 49%)
The wyvern is charmed.
You are engulfed in blazing flames.
You resist.
* * * LOW HITPOINT WARNING * * *
The fire crab bites you.
* * * LOW HITPOINT WARNING * * *
You are engulfed in flames.
You resist.
You die...
Kikubaaqudgha rasps: "You have failed me!
Welcome... death!"

..### #.# #
....##.#
########
..##..#.########
#.......
................
+.......
...≈.≈≈..#.####
#.......
..≈§≈§≈§.#.#
#.......
§.≈≈..○....#
###'####
..≈§>.≈○○###
#.## .≈≈.§§l○@#
#..# .≈.≈≈≈≈§t#
##Y## ..≈≈§..○○#
#Y.# ........#
##Y# .###.....
... #..... .....
...... ......
#....... .......
#..)....


You could see a fire crab and a friendly wyvern (charmed).

Vanquished Creatures
  Prince Ribbit (D:6)
  5 yaks
  2 water moccasins
  An orc warrior (D:7)
  3 sky beasts (D:7)
  3 ice beasts
  An ogre (D:5)
  3 centaurs
  A kobold brigand (D:9)
  A bullfrog (D:9)
  2 scorpions
  3 wights (D:6)
  2 howler monkeys
  A lava snake (D:8)
  8 orc priests
  A gnoll bouda (D:7)
  A hound (D:6)
  3 iguanas
  2 sleepcaps (D:8)
  6 orc wizards
  Robin (D:2)
  3 gnolls
  6 adders
  A shadow imp (D:6)
  A white imp (D:7)
  A worm (D:2)
  3 dart slugs
  42 orcs
  6 ball pythons
  An endoplasm (D:3)
  3 giant cockroaches
  8 goblins
  12 hobgoblins
  4 jackals (D:3)
  11 kobolds
  3 quokkas
  8 bats
  3 frilled lizards
  8 rats
175 creatures vanquished.

Vanquished Creatures (others)
  117 foxfires
117 creatures vanquished.

Grand Total: 292 creatures vanquished

Notes
Turn   | Place    | Note
-------+----------+-------------------------------------------
     0 | D:1      | benadryl the Demonspawn Fire Elementalist began the quest
                  | for the Orb.
     0 | D:1      | Reached XP level 1. HP: 13/13 MP: 3/3
    76 | D:1      | Found Custrosah's General Store.
   201 | D:1      | Gained mutation: You are partially covered in slimy green
                  | scales. (AC +2) [demonic ancestry]
   201 | D:1      | Reached XP level 2. HP: 16/19 MP: 0/5
   210 | D:1      | Learned a level 2 spell: Scorch
   841 | D:2      | Gained mutation: You sometimes gain a little power by
                  | taking damage. [demonic ancestry]
   841 | D:2      | Reached XP level 3. HP: 15/24 MP: 2/7
  1335 | D:2      | Gained mutation: You are mostly covered in slimy green
                  | scales. (AC +3) [demonic ancestry]
  1335 | D:2      | Reached XP level 4. HP: 22/30 MP: 0/10
  1664 | D:2      | Noticed Robin
  1868 | D:2      | Killed Robin
  2038 | D:3      | Noticed a water moccasin
  2052 | D:3      | Killed a water moccasin
  2053 | D:3      | Reached skill level 5 in Spellcasting
  2053 | D:3      | Reached skill level 1 in Fighting
  2053 | D:3      | Gained mutation: You sometimes gain power by taking damage.
                  | [demonic ancestry]
  2053 | D:3      | Reached XP level 5. HP: 13/38 MP: 4/12
  2617 | D:3      | Found a stormy altar of Qazlal.
  2944 | D:3      | Reached XP level 6. HP: 47/47 MP: 13/13
  4382 | D:4      | Found a sacrificial altar of Ru.
  4565 | D:4      | Found an ancient bone altar of Kikubaaqudgha.
  4808 | D:4      | Found an ornate altar of the Wu Jian Council.
  4839 | D:5      | Entered Level 5 of the Dungeon
  4871 | D:5      | Reached skill level 5 in Fighting
  4871 | D:5      | Reached skill level 3 in Fire Magic
  4871 | D:5      | Reached XP level 7. HP: 56/56 MP: 7/14
  5314 | D:5      | Reached skill level 4 in Fire Magic
  5746 | D:5      | Found a faded altar of an unknown god.
  5746 | D:5      | Found a shadowy altar of Dithmenos.
  5760 | D:5      | Found an iron altar of Okawaru.
  5986 | D:6      | Found a runed translucent door.
  5987 | D:6      | Noticed Crazy Yiuf
  6050 | D:6      | Noticed Prince Ribbit
  6062 | D:6      | Killed Prince Ribbit
  6063 | D:6      | Reached skill level 5 in Fire Magic
  6070 | D:6      | Learned a level 3 spell: Volatile Blastmotes
  6143 | D:6      | Found Rirezay's Jewellery Shop.
  6234 | D:6      | Reached skill level 6 in Fire Magic
  6234 | D:6      | Reached XP level 8. HP: 46/62 MP: 10/15
  6372 | D:6      | Found the +7 Kryia's mail coat {PotionHeal*2 rC+}
  6618 | D:6      | Reached skill level 1 in Armour
  7212 | D:6      | Identified the -1 pair of gloves of Broken Taboos {*Slow
                  | Dex+3 SInv}
  7282 | D:6      | Found a blossoming altar of Fedhas.
  7295 | D:6      | Noticed an oklob plant
  7433 | D:6      | Reached skill level 7 in Fire Magic
  7608 | D:6      | Found Opheng Osoa's Weapon Shoppe.
  8128 | D:7      | Identified the +12 chain mail "Tiohobomp" {Harm}
  8147 | D:7      | Reached skill level 8 in Fire Magic
  8950 | D:7      | Found a staircase to the Ecumenical Temple.
  8959 | Temple   | Entered the Ecumenical Temple
  9550 | D:4      | Became a worshipper of Kikubaaqudgha
  9699 | D:8      | Found a runed translucent door.
  9700 | D:8      | Noticed niangp's ghost (novice MiFi)
  9715 | D:8      | Found a basalt altar of Yredelemnul.
  9838 | D:8      | Reached XP level 9. HP: 68/68 MP: 9/16
 10339 | D:7      | Reached skill level 9 in Fire Magic
 10793 | D:8      | Reached skill level 1 in Translocations
 10915 | D:8      | Found a hide-covered altar of Uskayaw.
 12168 | D:8      | Upgraded the game from 0.31-a0-868-g674d60d6f7 to
                  | 0.31-a0-875-g02e7d12df6
 12443 | D:8      | Learned a level 4 spell: Flame Wave
 12459 | D:9      | Reached skill level 5 in Conjurations
 12723 | D:9      | Found a staircase to the Lair.
 12724 | D:9      | Noticed a fire crab
 13059 | D:9      | Gained mutation: You sometimes lose your temper in combat.
                  | [potion of mutation]
 13059 | D:9      | Gained mutation: You occasionally shout uncontrollably at
                  | your foes. [potion of mutation]
 13059 | D:9      | Gained mutation: You are resistant to electric shocks.
                  | (rElec) [potion of mutation]
 13059 | D:9      | Gained mutation: Your flesh is heat resistant. (rF+)
                  | [potion of mutation]
 13060 | D:9      | HP: 3/70 [fire crab (3)]
 13060 | D:9      | Slain by a fire crab

Illustrated notes

Levels and vault maps discovered:
D:1:      lemuel_arrival_hallway, layout_loops_ring, serial_shops,
          nicolae_shop_gibbet_a_chance, corexii_hall_statues_l
D:2:      minmay_general_purpose_star, layout_basic, uniq_robin
D:3:      cheibrodos_pilgrimage, layout_basic, grunt_qazlal_sundering,
          mainiacjoe_overflow_24_doors
D:4:      layout_basic, general_overflow_altar, kennysheep_mini,
          overflow_temple_1_default, minivault_25
D:5:      layout_gridville, chequers_temple_overflow_minitemple,
          columned_hall_lemuel, hex_medium, dk_vineyard_1
D:6:      layout_loops_corners, tgw_fedhas, serial_shops,
          nicolae_shop_real_fake_doors, nicolae_shop_stone,
          grunt_decor_fettered, uniq_prince_ribbit1, uniq_crazy_yiuf_cottage
D:7:      layout_basic, minmay_temple_entry_enclosed_plants
D:8:      layout_basic, yredelemnul_altar_generic, nicolae_uskayaw_suspiria,
          enter_bailey_8, gammafunk_ghost_grave, corexii_hall_statues_u,
          serial_park_tiny_2
D:9:      layout_roguey, minmay_lair_entry_lava
Temple:   nicolae_temple_ecumenical_triangle

Skill      XL: |  1  2  3  4  5  6  7  8  9 |
---------------+----------------------------+-----
Spellcasting   | 3 4 5 |  5.0
Fighting       | 1 3 5 6 |  6.3
Fire Magic     | 3 6 8 9 |  9.0
Armour         | 1 2 |  2.1
Translocations | 2 |  2.2
Conjurations   | 5 |  5.2
Dodging        | |  1.7
Stealth        | |  1.7

Action                     |  1- 3 |  4- 6 |  7- 9 || total
---------------------------+-------+-------+-------++-------
  Melee: Dagger            |     2 |       |       ||     2
         Unarmed           |     1 |       |       ||     1
         Short sword       |    64 |    56 |    51 ||   171
         Whip              |       |       |     4 ||     4
   Cast: Foxfire           |    24 |    16 |    32 ||    72
         Scorch            |     8 |    44 |   131 ||   183
         Volatile Blastmot |       |       |    11 ||    11
         Flame Wave        |       |       |     2 ||     2
  Evoke: Wand              |       |       |     8 ||     8
    Use: Scroll            |       |     7 |     8 ||    15
         Potion            |       |       |    12 ||    12
   Stab: Sleeping          |     2 |     1 |     1 ||     4
 Armour: Robe              |    62 |    56 |   176 ||   294
  Dodge: Dodged            |    64 |    67 |   122 ||   253
  Block: Kite shield       |    15 |       |       ||    15

Table legend: (Time is in decaauts)
 A = Elapsed time spent in this place.
 B = Non-inter-level travel time spent in this place.
 C = Inter-level travel time spent in this place.
 D = Time resting spent in this place.
 E = Time spent auto-exploring this place.
 F = Levels seen in this place.
 G = Mean time per level.
                   A        B        C        D        E       F      G
               +--------+--------+--------+--------+--------+-----+--------+
         Total |  13084 |  12120 |    964 |   4392 |   6075 |  10 | 1308.4 |
       Dungeon |  13062 |  12119 |    943 |   4392 |   6075 |   9 | 1451.3 |
        Temple |     21 |      0 |     21 |      0 |      0 |   1 |   21.0 |
               +--------+--------+--------+--------+--------+-----+--------+

Top non-repeatable levels by time:
     D:6: 2416 daAuts
     D:8: 1901 daAuts
     D:4: 1647 daAuts
     D:3: 1616 daAuts
     D:5: 1342 daAuts
     D:2: 1079 daAuts
     D:9: 1069 daAuts
     D:7: 1026 daAuts
     D:1: 962 daAuts
  Temple: 21 daAuts
